Map: Shadowed Jungle

Players

Metasapien - Winner!

  • Race: Zerg Zerg
  • League: Platinum
  • Spawn Location: 11:00

Kswiss - Winner!

  • Race: Protoss Protoss
  • League: Silver
  • Spawn Location: 1:00

Rafael

  • Race: Terran Terran
  • League: Platinum
  • Spawn Location: 7:00

riochili

  • Race: Terran Terran
  • Spawn Location: 5:00

VOD

Have the link to the VOD?

Description

Time

  • Played on: Sept. 23, 2017, 3:07 a.m.
  • Length: 21:39
Show
View Real Time Build Order
Export as new Build Order

Metasapien Zerg - Winner!

Build Orders: Pool First 

Get SALT Encoding   

  12  0:01  Drone  
  13  0:24  Spawning Pool  
  13  0:25  Drone  
  13  0:34  Overlord  
  13  0:42  Drone  
  14  0:47  Extractor  
  14  0:49  Drone  
  14  0:53  Drone  
  15  0:58  Drone  
  16  1:20  Hatchery  
  15  1:28  Drone x2  
  17  1:34  Drone  
  18  1:43  Zergling x2  
  19  1:53  Drone  
  20  2:03  Overlord  
  20  2:18  Overlord  
  20  2:22  Queen  
  20  2:26  Drone  
  23  2:35  Zergling x2  
  23  2:36  Zergling x2  
  25  2:41  Spine Crawler  
  25  2:43  Queen  
  25  2:45  Zergling x2  
  25  2:47  Metabolic Boost  
  26  3:00  Spine Crawler  
  26  3:05  Zergling x4  
  24  3:14  Zergling x4  
  23  3:39  Zergling x4  
  23  3:40  Zergling x4  
  25  3:41  Queen  
  25  3:46  Drone  
  24  3:57  Zergling x4  
  22  4:10  Drone x2  
  22  4:11  Drone  
  22  4:16  Drone  
  26  4:27  Drone  
  26  4:28  Drone  
  28  4:36  Drone x2  
  30  4:39  Drone  
  30  4:43  Drone  
  32  4:47  Drone  
  32  4:52  Drone  
  34  4:55  Drone  
  34  4:57  Drone  
  36  5:06  Lair  
  36  5:11  Drone x2, Extractor  
  36  5:13  Drone  
  38  5:15  Extractor  
  38  5:18  Overlord  
  37  5:23  Extractor  
  37  5:25  Drone  
  37  5:27  Drone  
  38  5:35  Drone x3  
  41  5:47  Hatchery  
  41  5:49  Drone  
  40  5:51  Zergling x4  
  40  5:53  Zergling x2  
  40  5:55  Zergling x2  
  40  5:56  Zergling x2  
  42  6:03  Zergling x4  
  43  6:14  Spine Crawler  
  43  6:17  Zergling x4  
  43  6:18  Zergling x4  
  36  6:34  Queen  
  36  6:38  Drone  
  36  6:39  Drone x3  
  43  6:40  Drone  
  43  6:50  Roach Warren  
  43  6:52  Zergling x6  
  43  7:00  Zergling x6  
  43  7:01  Zergling x4  
  44  7:02  Queen  
  45  7:20  Zergling x8  
  42  7:32  Roach x2  
  42  7:33  Roach x3  
  52  7:43  Spine Crawler  
  51  7:44  Roach x3  
  57  7:52  Drone  
  57  7:55  Roach  
  58  8:00  Hydralisk Den, Drone  
  58  8:02  Drone  
  55  8:18  Zergling x2  
  55  8:19  Roach  
  58  8:20  Roach  
  58  8:21  Overlord x2  
  58  8:22  Zergling x2  
  58  8:23  Zergling x2  
  47  8:35  Hydralisk  
  47  8:36  Roach  
  47  8:37  Roach x4  
  55  8:42  Ravager  
  55  8:46  Drone  
  54  8:52  Roach x2  
  58  8:56  Roach  
  58  9:00  Ravager  
  58  9:01  Ravager  
  58  9:02  Ravager  
  63  9:05  Overlord x2  
  63  9:21  Roach  
  63  9:22  Overlord x2, Roach  
  63  9:23  Overlord  
  67  9:42  Hydralisk x2  
  67  9:43  Roach  
  73  9:54  Hatchery  
  73  9:55  Hydralisk  
  73  9:56  Roach x3  
  80  10:21  Hydralisk x3  
  80  10:22  Roach x2  
  89  10:40  Hydralisk  
  89  10:41  Roach, Hydralisk  
  95  10:51  Hydralisk  
  95  10:52  Roach x3  
  64  11:41  Roach  
  64  11:42  Hydralisk x3, Roach x4  
  64  11:43  Roach  
  82  11:48  Queen x2  
  82  11:49  Queen  
  88  11:59  Evolution Chamber  
  88  12:00  Evolution Chamber  
  62  12:23  Ravager x2  
  56  12:31  Hydralisk  
  56  12:32  Roach x3, Hydralisk x2  
  56  12:33  Roach x2  
  56  12:35  Drone x2  
  72  12:38  Drone x5  
  77  12:44  Hydralisk  
  77  12:45  Roach  
  77  12:57  Hydralisk  
  77  12:58  Roach  
  79  13:11  Drone x3  
  79  13:12  Drone x2  
  84  13:15  Extractor x2  
  82  13:20  Zerg Missile Weapons Level 1  
  82  13:25  Drone x3  
  85  13:39  Infestation Pit  
  85  13:41  Drone x5  
  86  13:43  Drone x3  
  86  13:44  Drone x3  
  86  13:46  Hatchery  
  94  14:05  Hydralisk x2  
  94  14:06  Roach x2  
  91  14:21  Ravager  
  83  14:26  Hydralisk x2  
  83  14:27  Zergling x2, Roach  
  83  14:28  Zergling x12  
  83  14:29  Zergling x6  
  99  14:40  Overlord x2  
  99  14:51  Hydralisk  
  99  14:52  Roach x2  
  105  14:58  Muscular Augments  
  105  15:03  Zerg Ground Armor Level 1  
  105  15:12  Hydralisk  
  105  15:13  Roach x3  
  109  15:28  Ravager x2  
  105  15:44  Roach, Hydralisk x3  
  105  15:45  Roach x4  
  87  16:11  Hydralisk x2  
  87  16:12  Roach x4, Hydralisk x3  
  87  16:13  Roach  
  102  16:25  Drone  
  101  16:43  Hydralisk x5  
  101  16:44  Roach x4  
  101  16:46  Overseer  
  119  16:48  Queen  
  121  16:58  Drone, Extractor  
  121  17:02  Extractor, Pneumatized Carapace  
  120  17:14  Hydralisk x3  
  120  17:15  Roach, Hydralisk x2  
  130  17:18  Drone x2  
  130  17:19  Drone  
  136  17:22  Drone  
  136  17:33  Overlord x2  
  136  17:34  Overlord x2  
  136  17:43  Overlord  
  124  18:27  Queen  
  124  18:36  Hydralisk x4  
  124  18:37  Hydralisk x5, Roach x4  
  124  18:38  Hydralisk, Roach x5  
  160  18:45  Hatchery  
  151  19:05  Zerg Missile Weapons Level 2, Zerg Ground Armor Level 2  
  135  19:24  Ravager x5  
  135  19:25  Ravager  
  135  19:28  Zergling x2  
  135  19:29  Infestor x2, Zergling x6  
  147  19:32  Overlord x2, Roach x2  
  147  19:33  Overlord  
  133  19:52  Hydralisk  
  129  19:53  Roach x3, Hydralisk x2  
  129  19:54  Roach x2  
  145  20:03  Drone x2  
  145  20:05  Drone  
  148  20:18  Hydralisk x3  
  148  20:19  Roach x4, Hydralisk  
  164  20:39  Hatchery  
  144  21:03  Roach, Hydralisk x5  
  144  21:04  Hydralisk, Roach x6  
Show
View Real Time Build Order
Export as new Build Order

Kswiss Protoss - Winner!

Build Orders: Oracle Opening 

Get SALT Encoding   

  12  0:03  Probe (Chrono Boost)  
  13  0:14  Probe (Chrono Boost)  
  14  0:20  Pylon  
  14  0:24  Probe (Chrono Boost)  
  15  0:38  Probe (Chrono Boost)  
  16  0:45  Gateway  
  16  0:49  Probe (Chrono Boost)  
  17  0:59  Forge  
  17  1:02  Assimilator  
  17  1:03  Probe (Chrono Boost)  
  18  1:12  Pylon  
  18  1:17  Probe (Chrono Boost)  
  19  1:28  Probe (Chrono Boost)  
  20  1:33  Photon Cannon  
  20  1:38  Probe (Chrono Boost)  
  21  1:50  Cybernetics Core  
  21  2:02  Photon Cannon  
  21  2:14  Photon Cannon  
  21  2:20  Assimilator  
  21  2:25  Probe (Chrono Boost)  
  22  2:30  Stargate  
  22  2:53  Nexus  
  22  3:02  Probe (Chrono Boost)  
  23  3:14  Oracle (Chrono Boost)  
  26  3:35  Mothership Core  
  28  3:44  Photon Cannon x2  
  28  3:47  Photon Cannon  
  28  3:50  Pylon  
  28  3:51  Pylon  
  28  4:07  Void Ray (Chrono Boost)  
  32  4:13  Probe  
  33  4:24  Probe  
  34  4:34  Probe  
  34  4:37  Stargate  
  35  4:45  Probe  
  35  4:47  Assimilator  
  36  4:55  Probe  
  37  5:26  Void Ray (Chrono Boost)  
  45  5:32  Void Ray (Chrono Boost)  
  45  5:36  Assimilator  
  45  6:15  Void Ray (Chrono Boost)  
  45  6:17  Void Ray (Chrono Boost)  
  53  6:19  Protoss Air Weapons Level 1 (Chrono Boost)  
  33  7:13  Void Ray (Chrono Boost)  
  40  7:16  Void Ray (Chrono Boost)  
  29  8:29  Nexus  
  21  8:57  Zealot  
  21  9:01  Void Ray (Chrono Boost)  
  31  9:07  Void Ray (Chrono Boost)  
  26  9:24  Zealot  
  23  9:40  Probe  
  24  9:46  Assimilator  
  24  9:50  Probe  
  24  9:52  Gateway  
  25  9:55  Pylon  
  25  9:56  Pylon  
  25  10:01  Probe  
  25  10:02  Probe  
  27  10:11  Probe, Zealot  
  27  10:14  Probe  
  31  10:22  Probe  
  31  10:23  Void Ray (Chrono Boost)  
  31  10:24  Void Ray (Chrono Boost)  
  31  10:26  Probe  
  41  10:38  Zealot  
  35  11:39  Photon Cannon  
  7  12:19  Probe  
  8  12:26  Pylon  
  8  12:29  Pylon  
  8  12:30  Probe, Pylon  
  9  12:40  Probe  
  10  12:51  Probe  
  10  12:53  Gateway  
  10  12:56  Gateway  
  11  13:02  Probe  
  12  13:06  Gateway  
  12  13:12  Probe  
  13  13:23  Probe  
  14  13:33  Probe  
  15  13:44  Probe  
  16  13:53  Cybernetics Core  
  16  13:54  Probe  
  17  14:05  Probe  
  18  14:15  Probe, Assimilator  
  18  14:24  Pylon  
  19  14:26  Probe  
  20  14:32  Pylon  
  20  14:36  Probe  
  21  14:47  Probe  
  21  14:51  Robotics Facility  
  22  15:04  Twilight Council  
  22  15:12  Probe  
  23  15:16  Nexus  
  23  16:02  Adept  
  23  16:03  Adept x2  
  29  16:05  Warp Gate (Chrono Boost)  
  29  16:10  Protoss Ground Weapons Level 1 (Chrono Boost)  
  29  16:28  Probe  
  30  16:33  Assimilator  
  30  16:39  Probe, Assimilator  
  30  16:41  Pylon  
  30  16:43  Pylon  
  31  16:49  Probe  
  31  16:54  Probe  
  33  17:00  Probe  
  33  17:06  Probe  
  35  17:10  Probe  
  35  17:14  Charge  
  36  17:18  Probe  
  36  17:19  Robotics Bay  
  35  17:30  Probe  
  33  17:42  Probe  
  17  18:02  Protoss Ground Armor Level 1  
  17  18:06  Probe  
  18  18:18  Probe  
  19  18:25  Pylon  
  19  18:31  Probe  
  19  18:32  Pylon  
  20  18:39  Probe  
  21  18:43  Probe, Immortal  
  22  18:50  Probe  
  22  18:55  Probe  
  24  19:00  Probe  
  25  19:06  Pylon  
  25  19:07  Probe  
  26  19:10  Pylon  
  26  19:11  Probe  
  26  19:12  Pylon  
  26  19:14  Pylon  
  27  19:19  Probe  
  27  19:21  Probe  
  29  19:29  Gateway  
  29  19:31  Gateway  
  29  19:32  Probe  
  29  19:35  Gateway  
  30  19:39  Colossus  
  36  19:57  Pylon  
  36  19:59  Probe  
  37  20:09  Probe, Mothership Core  
  40  20:20  Probe  
  41  20:30  Probe  
  42  20:38  Probe  
  42  20:41  Probe  
  44  20:50  Probe  
  45  21:00  Zealot x3  
  45  21:01  Zealot  
  45  21:02  Probe  
  54  21:14  Probe  
  55  21:25  Templar Archives  
  55  21:26  Probe  
Show
View Real Time Build Order
Export as new Build Order

Rafael Terran 

Build Orders:  

Get SALT Encoding   

  12  0:01  SCV  
  13  0:14  SCV  
  14  0:26  SCV  
  15  0:32  Supply Depot  
  15  0:40  Refinery  
  15  0:53  SCV  
  16  0:57  Barracks  
  16  1:05  SCV  
  17  1:11  Barracks  
  17  1:31  Barracks  
  17  1:39  Refinery  
  17  1:40  SCV  
  17  1:46  Reaper  
  19  2:00  Reaper  
  20  2:08  SCV  
  21  2:18  Reaper  
  21  2:20  Reaper  
  23  2:27  Supply Depot  
  23  2:49  Reaper  
  24  3:28  Reaper x2  
  26  3:52  Reaper  
  27  4:00  Reaper x2  
  29  4:24  Engineering Bay  
  29  4:27  Marine  
  30  4:32  Marine  
  16  5:21  Marine x2  
  16  5:22  Marine  
  16  5:27  SCV  
  20  5:31  Missile Turret  
  20  5:39  SCV, Reaper  
  20  5:40  Reaper x2  
  24  5:51  SCV  
  24  6:11  Reaper  
  24  6:12  Reaper  
  16  7:37  Marine x3  
  16  7:38  SCV  
  20  7:51  SCV  
  21  7:54  Marine  
  22  8:03  SCV  
  19  8:57  Marine  
  19  8:58  Marine x2  
  20  9:15  Marine  
  20  9:31  Marine x2  
  17  9:33  Marine  
  19  9:39  Planetary Fortress  
  19  9:48  Marine  
  20  9:53  Marine  
  20  9:58  Barracks Reactor  
  21  10:03  Barracks  
  21  10:12  Marine x2  
  23  10:16  SCV  
  24  10:28  SCV  
  25  11:09  SCV  
  25  11:10  Marine  
  20  11:23  SCV  
  13  11:28  Marine  
  12  11:36  SCV  
  12  11:39  Marine  
  14  11:46  Marine  
  15  11:47  Barracks Reactor  
  15  11:48  SCV  
  16  12:00  SCV  
  17  12:12  SCV  
  17  12:14  Marine x2  
  20  12:24  SCV  
  21  12:32  Marine x2  
  23  12:54  Engineering Bay  
  23  13:07  Barracks Reactor, Supply Depot  
  23  13:18  Barracks  
  23  13:28  SCV, Marine x2  
  23  13:32  Barracks Reactor  
  26  13:40  Missile Turret, SCV  
  27  13:46  Marine x2  
  27  13:47  Marine x2  
  31  14:12  Marine  
  31  14:13  Marine  
  31  14:14  Marine  
  23  14:24  Marine x4  
  23  14:30  Marine  
  28  14:32  Factory  
  28  14:34  SCV  
  29  14:41  Marine  
  29  14:42  Marine  
  31  14:46  Barracks Reactor  
  31  14:51  Supply Depot  
  31  15:05  Terran Infantry Weapons Level 1  
  31  15:12  Marine x6  
  31  15:13  SCV  
  33  15:27  Marine  
  35  15:30  Marine x3  
  38  15:36  Marine  
  38  15:40  Marine x2  
  38  15:48  Marine  
  29  15:57  Marine  
  29  15:58  Marine x2  
  22  16:16  Marine  
  22  16:17  Marine x4  
  27  16:21  Cyclone  
  30  16:25  Barracks Reactor  
  30  16:34  Marine x2  
  30  16:39  Marine x3  
  35  16:52  Marine x2  
  37  16:57  Marine x2  
  39  17:25  Barracks Reactor  
  39  17:26  Marine  
  39  17:28  Marine  
  29  18:00  Marine  
  29  18:04  Cyclone  
  31  18:07  Marine  
  28  18:36  Cyclone  
  26  18:54  Marine  
  26  18:55  Marine x3  
  22  19:40  Marine x2  
  18  20:04  Marine  
  18  20:05  Marine  
Show
View Real Time Build Order
Export as new Build Order

riochili Terran 

Build Orders:  

Get SALT Encoding   

  12  0:07  SCV  
  13  0:14  Supply Depot  
  13  0:20  SCV  
  14  0:32  SCV  
  15  0:41  Barracks  
  15  0:44  SCV  
  15  0:49  Refinery  
  16  0:56  SCV  
  17  1:01  Refinery  
  17  1:08  SCV  
  18  1:15  Supply Depot  
  18  1:20  SCV  
  19  1:32  SCV  
  20  1:33  Supply Depot  
  20  1:44  SCV  
  21  1:51  Barracks  
  21  1:56  SCV  
  21  1:57  Barracks Reactor  
  22  2:08  SCV  
  22  2:09  Barracks  
  23  2:21  SCV  
  24  2:41  Command Center  
  24  2:46  Barracks Reactor  
  24  3:03  Barracks Tech Lab  
  24  3:10  Barracks  
  24  3:15  Engineering Bay  
  24  3:26  Marine  
  25  3:27  Marine x2  
  25  3:28  Marine  
  25  3:33  Marauder  
  30  3:41  Terran Infantry Weapons Level 1  
  30  3:44  Marine  
  31  3:52  Factory  
  31  3:55  Marine  
  32  3:57  Marine  
  32  3:58  Marine  
  34  4:09  Marine x2  
  36  4:10  Marine  
  37  4:21  Marine x3  
  40  4:25  SCV  
  40  4:27  Marine  
  40  4:30  SCV  
  43  4:37  SCV  
  44  4:40  Barracks Reactor  
  44  4:42  SCV  
  45  4:47  Missile Turret  
  45  4:49  Factory Reactor  
  45  4:57  Missile Turret  
  45  5:03  Missile Turret  
  45  5:06  Marine x2  
  47  5:54  Marine  
  47  5:55  Marine x6  
  54  6:02  Supply Depot  
  54  6:10  Terran Infantry Armor Level 1  
  54  6:23  Marine x7  
  54  6:25  Supply Depot  
  61  6:41  Marine  
  61  6:46  Marine x6  
  67  6:47  Supply Depot  
  61  6:59  Marine  
  53  7:04  Marine x4  
  53  7:07  Marine x2  
  58  7:10  Supply Depot  
  58  7:17  Marine  
  58  7:22  Marine x4  
  63  7:25  Marine x2  
  64  7:35  Marine  
  65  7:39  Marine x3  
  65  7:40  Marine  
  65  7:42  Marine  
  65  7:43  Marine  
  65  7:52  Marine  
  65  7:57  Marine x4  
  67  8:00  Marine  
  67  8:01  Marine  
  67  8:10  Marine  
  68  8:15  Marine x3  
  66  9:06  Marine x2  
  66  9:07  Marine  
  51  9:35  Marine x3  
  52  9:49  Marine x4  
  56  9:53  Marine x3  
  59  10:07  Marine x4  
  59  10:11  Marine x3  
  66  10:15  Armory  
  66  10:18  Cyclone  
  69  10:24  Marine  
  69  10:25  Marine x3  
  73  10:29  Marine x3  
  76  10:42  Marine  
  75  10:43  Marine x3  
  69  11:01  Marauder  
  66  11:23  Marauder  
  63  11:37  Marine  
  63  11:38  Marine x5  
  69  11:43  Marine  
  66  11:55  Marine x2  
  66  11:56  Marine x4  
  64  12:01  Marine  
  62  12:13  Marine x2  
  62  12:14  Marine x4  
  25  13:01  Marine x6  
  25  13:02  Marine  
  32  13:18  Marine  
  32  13:19  Marine x6  
  39  13:27  Refinery  
  39  13:34  Refinery  
  39  13:36  Marine  
  39  13:37  Marine x2  
  42  13:43  Terran Infantry Armor Level 2  
  22  14:29  SCV  
  20  14:33  Marine x3  
  20  14:34  Marine x3  
  20  14:35  Marine  
  27  14:39  SCV  
  27  14:41  SCV  
  29  14:53  SCV  
  29  14:55  Refinery  
  30  15:00  Marine x2  
  30  15:01  Marine  
  30  15:04  Marine  
  30  15:05  SCV  
  35  15:14  Missile Turret  
  35  15:16  SCV  
  37  15:25  Planetary Fortress  
  32  15:55  Marine  
  32  15:56  Marauder, Marine x2  
  32  15:57  Marine x2  
  33  15:58  Marine  
  36  16:13  Marine  
  36  16:18  Marauder  
  38  16:26  Marine  
  38  16:27  Marine x4  
  38  16:31  Marine  
  44  16:39  Marauder  
  46  16:40  SCV  
  46  16:44  Marine x2  
  49  16:50  SCV  
  49  16:52  SCV  
  51  17:00  Marauder  
  53  17:02  SCV  
  53  17:04  SCV  
  53  17:08  Stimpack  
  55  17:11  Terran Infantry Weapons Level 2  
  55  17:14  SCV  
  56  17:16  SCV  
  57  17:28  SCV  
  33  18:16  Marine  
  33  18:17  Marine x6  
  40  18:23  Refinery, SCV  
  41  18:34  Marine x2  
  41  18:35  SCV, Marine x5  
  49  18:44  Cyclone  
  49  18:47  SCV  
  53  18:52  Marine x4  
  53  18:53  Marauder, Marine x2  
  61  18:59  SCV  
  51  19:10  Marine  
  51  19:11  SCV  
  51  19:15  Marauder  
  53  19:21  Marine  
  53  19:22  Marine x2  
  53  19:23  Marine  
  53  19:24  Marine  
  58  19:27  Marine  
  59  19:36  Marauder  
  57  19:39  Marine  
  57  19:40  Marine x2  
  57  19:41  Marine  
  46  19:57  Marauder  
  46  19:58  Planetary Fortress  
  48  20:19  Marauder  
  50  20:22  Marine x6  
  50  20:39  Marine  
  50  20:40  Marauder, Marine x5  
  30  20:57  Marine  
  30  20:58  Marine  
  30  21:02  Marauder  
Tags
 
Add a new tag
Caveats
  • Supply blocks, unpowered buildings, or Contaminate may cause inaccurate times.
  • Supply counts are checked every 10 seconds.